 Dungeon Crawl Stone Soup version 0.29-a0-323-g050149af67 (webtiles) character file.

Game seed: 14657560776404866751

13710 kae the Zephyrmancer (level 12, -2/126 HPs)
             Began as an Ogre Air Elementalist on Apr 10, 2022.
             Was an Initiate of Gozag.
             Slain by an elephant (12 damage)
             ... on level 2 of the Lair of Beasts.
             The game lasted 00:16:19 (24495 turns).

kae the Zephyrmancer (Ogre Air Elementalist)       Turns: 24495, Time: 00:16:19

Health: -2/126     AC:  5    Str: 11    XL:     12   Next: 8%
Magic:  14/24      EV: 11    Int: 27    God:    Gozag
Gold:   2184       SH:  0    Dex:  9    Spells: 18/28 levels left

rFire   . . .      SeeInvis .   c - +1 whip (vorpal)
rCold   . . .      Faith    .   (no shield)
rNeg    + . .      Spirit   .   a - +0 robe
rPois   +          Reflect  .   (helmet restricted)
rElec   .          Harm     .   d - +1 cloak
rCorr   .          Rampage  .   (gloves unavailable)
Will    +....                   (boots unavailable)
Stlth   +.........              (no amulet)
HPRegen 0.31/turn               o - ring of flight
MPRegen 0.19/turn               t - ring of Gef Tyu {rPois rN+ Str-4 Int+7}

@: flying
A: large, unfitting armour, tough skin 1
a: Renounce Religion, Potion Petition, Call Merchant, Bribe Branch


You were on level 2 of the Lair of Beasts.
You worshipped Gozag.
Gozag was most pleased with you.
You visited 3 branches of the dungeon, and saw 13 of its levels.
You also visited: Sewer.

You collected 2247 gold pieces.
You paid 63 gold pieces to Gozag.

Inventory:

Hand Weapons
 c - a +1 vorpal whip (weapon)
Missiles
 k - a throwing net
Armour
 a - a +0 robe (worn)
 d - a +1 cloak (worn)
Magical Staves
 j - a staff of cold
Jewellery
 o - a ring of flight (left hand)
 r - a +6 ring of intelligence
 t - the ring of Gef Tyu (right hand) {rPois rN+ Str-4 Int+7}
   (You acquired it on level 6 of the Dungeon)

   [ring of poison resistance]

   Str:       It affects your strength (-4).
   Int:       It affects your intelligence (+7).
   rPois:     It protects you from poison.
   rN:        It protects you from negative energy.
 A - the ring of the Iron Devil {rC+ Str+2}
   (You found it on level 8 of the Dungeon)

   [ring of protection from cold]

   Str:       It affects your strength (+2).
   rC:        It protects you from cold.
 G - a ring of see invisible
Wands
 f - a wand of polymorph (3)
 i - a wand of iceblast (31)
 m - a wand of mindburst (4)
 C - a wand of flame (24)
 E - a wand of acid (5)
Scrolls
 b - a scroll of enchant weapon
 l - 2 scrolls of teleportation
 q - 2 scrolls of enchant armour
 v - 5 scrolls of fog
 w - a scroll of fear
 x - a scroll of magic mapping
 z - 2 scrolls of holy word
 B - a scroll of amnesia
 F - 2 scrolls of identify
Potions
 e - a potion of haste
 g - 3 potions of heal wounds
 h - 8 potions of curing
 n - 3 potions of flight
 p - a potion of mutation
 s - 2 potions of resistance
 u - a potion of degeneration
 D - a potion of invisibility {unknown}
 H - a potion of might {unknown}


   Skills:
 + Level 10.2 Fighting
 + Level 7.4 Dodging
 - Level 1.4 Stealth
 + Level 8.9 Spellcasting
 + Level 7.2 Conjurations
 * Level 10.7 Air Magic


You had 18 spell levels left.
You knew the following spells:

 Your Spells              Type           Power      Damage    Failure   Level
a - Shock                 Conj/Air       100%       1d9       1%          1
b - Static Discharge      Conj/Air       57%        N/A       1%          2
c - Swiftness             Air            63%        N/A       1%          3
d - Airstrike             Air            31%        N/A       1%          4

Your spell library contained the following spells:

 Spells                   Type           Power      Damage    Failure   Level
 Stone Arrow              Conj/Erth      62%        3d10      3%          3
 Sandblast                Erth           24%        2d8       4%          1
 Summon Small Mammal      Summ           48%        N/A       4%          1
 Passwall                 Tmut/Erth      10%        N/A       8%          2
 Call Canine Familiar     Summ           12%        N/A       14%         3
 Frozen Ramparts          Ice            24%        1d4       14%         3
 Summon Guardian Golem    Hex/Summ       12%        N/A       14%         3
 Petrify                  Tmut/Erth      12%        N/A       43%         4
 Summon Ice Beast         Ice/Summ       12%        N/A       43%         4
 Alistair's Intoxication  Tmut/Pois      8%         N/A       80%         5
 Borgnjor's Vile Clutch   Necr/Erth      6%         N/A       80%         5
 Metabolic Englaciation   Hex/Ice        6%         N/A       80%         5
 Eringya's Noxious Bog    Tmut/Pois      6%         N/A       100%        6
 Statue Form              Tmut/Erth      8%         N/A       100%        6
 Malign Gateway           Summ/Tloc      6%         N/A       100%        7


Dungeon Overview and Level Annotations

Branches:
Dungeon (10/15)            Temple (1/1) D:4            Lair (2/6) D:9
    Orc (0/2) D:9           Sewer (visited)
  Swamp: Lair:2-4    Shoals: Lair:2-4     Snake: Lair:2-4    Spider: Lair:2-4

Altars:
Ashenzari
Cheibriados
Dithmenos
Elyvilon
Fedhas
Gozag
Hepliaklqana
Kikubaaqudgha
Makhleb
Nemelex Xobeh
Okawaru
Qazlal
Ru
Sif Muna
Trog
Uskayaw
Vehumet
Wu Jian
Xom
Yredelemnul
Zin
The Shining One

Shops:
D:5 :   D:7 (   D:8 *

Annotations:
D:6 exclusion: upstairs
Lair:2 Harold


Innate Abilities, Weirdness & Mutations

You are too large for most types of armour.
You have tough skin. (AC +1)


Message History

The elephant is heavily wounded.
The plant is struck by an arc of lightning.
The plant is lightly damaged.
You are struck by an arc of lightning.
The lightning grounds out.
The elephant is struck by an arc of lightning!
The elephant is severely wounded.
The lightning grounds out.
The elephant tramples you!
You hold your ground!
The elephant trunk-slaps you but does no damage.
The elephant tramples you!
You hold your ground!
The elephant trunk-slaps you.
Casting: Static Discharge (safe; 1% risk of failure)
Confirm with . or Enter, or press ? or * to list all spells.
The plant is struck by an arc of lightning!
The plant is lightly damaged.
The lightning grounds out.
The elephant is struck by an arc of lightning.
The elephant is severely wounded.
You are struck by an arc of lightning.
* * * LOW HITPOINT WARNING * * *
The plant is struck by an arc of lightning.
The plant is lightly damaged.
The lightning grounds out.
A nearby plant withers and dies.
The elephant tramples you.
* * * LOW HITPOINT WARNING * * *
You are shoved backwards!
Harold the Weathered comes into view.
He is wielding a +0 dire flail.
The elephant tramples you!
* * * LOW HITPOINT WARNING * * *
You are shoved backwards!
Casting: Static Discharge (safe; 1% risk of failure)
Confirm with . or Enter, or press ? or * to list all spells.
The elephant is struck by an arc of lightning!
The elephant is almost dead.
You are struck by an arc of lightning.
* * * LOW HITPOINT WARNING * * *
The lightning grounds out.
The elephant tramples you!
* * * LOW HITPOINT WARNING * * *
You are shoved backwards!
The elephant tramples you!
You die...
Your body crumbles into a pile of gold.

#. ♣P..♣♣.... ##@ ..P
♣P...♣ P #..♣♣♣.P
♣..P♣ .♣ #...♣P♣♣♣.P.
.♣ P####....♣♣P.♣ ..♣P
...........P.♣ ♣♣.P.P.
.............♣♣.......
#.....@Y.....<.......
###.............#..#P
##......#....##
..............#
.................
.........$.P.####..
...........### .#.
.##.#....... #


You could see Harold (asleep) and an elephant.

Vanquished Creatures
  Snorg (D:10)
  Amaemon (Lair:1)
  Pikel (D:6)
  Joseph (D:7)
  5 elephants (Lair:1)
  A kobold demonologist (D:10)
  A rime drake (Lair:1)
  An orange demon (Lair:1)
  A cane toad (Lair:1)
  Psyche (D:10)
  A komodo dragon (Lair:1)
  A troll (D:9)
  A polar bear (Lair:1)
  6 blink frogs (Lair:1)
  Sigmund (D:4)
  A vampire (D:10)
  A wraith (D:10)
  14 yaks
  3 water moccasins
  2 sky beasts
  An ice beast (D:6)
  A black bear (D:8)
  3 orc warriors
  3 ogres
  9 wolves
  4 centaurs
  3 lemures (D:7)
  2 kobold brigands
  7 bullfrogs
  2 scorpions
  8 killer bees (D:9)
  An electric eel (Lair:1)
  4 howler monkeys (D:7)
  2 gnoll shamans (D:9)
  6 hounds
  3 jellies
  4 orc priests
  Crazy Yiuf (D:7)
  2 iguanas
  Jessica (D:2)
  4 orc wizards
  Ijyb (D:3)
  5 adders
  8 gnolls
  4 river rats
  A shadow imp (D:5)
  An ufetubus (D:7)
  6 worms
  A dart slug (D:5)
  25 orcs
  11 ball pythons
  4 bats
  11 endoplasms
  2 giant cockroaches (D:5)
  4 goblins
  9 hobgoblins
  6 jackals (D:1)
  7 quokkas
  6 frilled lizards
  21 kobolds
  12 rats
261 creatures vanquished.

Vanquished Creatures (others)
  8 demonic plants (D:7)
  7 fungi (Lair:1)
  14 plants
29 creatures vanquished.

Grand Total: 290 creatures vanquished

Notes
Turn   | Place    | Note
-------+----------+-------------------------------------------
     0 | D:1      | kae the Ogre Air Elementalist began the quest for the Orb.
     0 | D:1      | Reached XP level 1. HP: 16/16 MP: 3/3
   106 | D:1      | Reached skill level 1 in Conjurations
   116 | D:1      | Reached XP level 2. HP: 24/26 MP: 2/5
   129 | D:1      | Reached skill level 1 in Fighting
   378 | D:1      | Learned a level 2 spell: Static Discharge
   510 | D:1      | Reached XP level 3. HP: 21/33 MP: 0/7
  1452 | D:2      | Noticed Jessica
  1458 | D:2      | Learned a level 3 spell: Swiftness
  1468 | D:2      | Killed Jessica
  1469 | D:2      | Reached XP level 4. HP: 32/42 MP: 1/8
  1964 | D:2      | Found a shadowy altar of Dithmenos.
  2627 | D:3      | Reached XP level 5. HP: 41/49 MP: 4/9
  2882 | D:3      | Found a faded altar of an unknown god.
  3013 | D:3      | Noticed Ijyb
  3449 | D:4      | Found a staircase to the Ecumenical Temple.
  3469 | D:4      | Noticed an ogre
  3479 | D:4      | Killed an ogre
  3480 | D:4      | Reached XP level 6. HP: 26/59 MP: 1/11
  3489 | Temple   | Entered the Ecumenical Temple
  3975 | Temple   | Became a worshipper of Gozag Ym Sagoz the Greedy
  4866 | D:4      | Noticed Sigmund
  5260 | D:5      | Entered Level 5 of the Dungeon
  5273 | D:5      | Found a glowing drain.
  5384 | D:5      | Reached XP level 7. HP: 59/67 MP: 7/12
  5529 | Sewer    | Entered a sewer
  5613 | Sewer    | Learned a level 4 spell: Airstrike
  6870 | D:5      | Found Tuxta's Book Shoppe.
  6937 | D:5      | Reached skill level 5 in Air Magic
  7529 | D:6      | Reached XP level 8. HP: 79/79 MP: 8/14
  7927 | D:5      | Noticed a rust devil
  7927 | D:5      | Noticed a rust devil
  8351 | D:6      | Reached skill level 5 in Fighting
  8510 | D:6      | Noticed a yak
  8512 | D:6      | Noticed a yak
  8512 | D:6      | Noticed a yak
  8512 | D:6      | Noticed a yak
  8514 | D:6      | Noticed a yak
  8517 | D:6      | Identified a scroll of acquirement
  8517 | D:6      | Acquired the ring of Gef Tyu {rPois rN+ Str-4 Int+7}
  8990 | D:6      | Killed a yak
  8991 | D:6      | Reached skill level 5 in Spellcasting
  9991 | D:5      | Killed a yak
 10091 | D:6      | Killed a yak
 10092 | D:6      | Reached XP level 9. HP: 57/89 MP: 8/17
 10633 | D:4      | Killed Sigmund
 10733 | D:3      | Killed Ijyb
 11098 | D:7      | Noticed Pikel
 11167 | D:7      | Reached skill level 5 in Dodging
 11274 | D:6      | Killed Pikel
 11511 | D:7      | Found Poacatt's Weapon Shoppe.
 11664 | D:7      | Noticed Joseph
 11734 | D:7      | Found a runed translucent door.
 11737 | D:7      | Noticed Crazy Yiuf
 11980 | D:7      | Reached skill level 5 in Conjurations
 12282 | D:8      | Found Genobbei's General Store.
 12395 | D:8      | Reached XP level 10. HP: 102/102 MP: 14/19
 12593 | D:8      | Found a large runed translucent door.
 12594 | D:8      | Found a large runed translucent door.
 12985 | D:8      | Identified the ring of the Iron Devil {rC+ Str+2}
 13723 | D:8      | Found a glowing silver altar of Zin.
 13726 | D:8      | Found a radiant altar of Vehumet.
 13817 | D:9      | Found a staircase to the Orcish Mines.
 13826 | D:9      | Noticed a death yak
 13853 | D:9      | Found a staircase to the Lair.
 14069 | D:9      | Noticed a death yak
 14094 | D:8      | HP: 1/102 [death yak (27)]
 15781 | D:9      | Noticed a death yak
 17305 | D:10     | Entered Level 10 of the Dungeon
 17326 | D:10     | Noticed Psyche
 17329 | D:10     | Killed Psyche
 17814 | D:10     | Noticed Snorg
 17827 | D:10     | Noticed a kobold demonologist
 17830 | D:10     | Noticed a smoke demon
 18229 | D:10     | Killed Snorg
 18631 | D:9      | Reached XP level 11. HP: 37/113 MP: 15/22
 19345 | D:10     | Noticed a soul eater
 19772 | D:7      | Killed Crazy Yiuf
 19868 | D:7      | Killed Joseph
 20257 | Lair:1   | Entered Level 1 of the Lair of Beasts
 20953 | Lair:1   | Got the Incunabulum of the Land of Plenty
 21151 | Lair:1   | Reached skill level 10 in Air Magic
 22719 | Lair:1   | Reached skill level 10 in Fighting
 23375 | Lair:1   | Noticed Amaemon
 23797 | Lair:1   | Killed Amaemon
 23798 | Lair:1   | Reached XP level 12. HP: 126/126 MP: 4/24
 24492 | Lair:2   | Noticed Harold
 24495 | Lair:2   | Slain by an elephant

Illustrated notes

Levels and vault maps discovered:
D:1:      grunt_arrival_lava_bath, layout_rooms
D:2:      layout_loops_ring, basic_altar, serial_bayou_ford_a,
          minmay_surrounded, uniq_jessica
D:3:      layout_basic, hellmonk_ecumenical_altar_pennies_from_heaven, uniq_ijyb
D:4:      layout_layer_cave, minmay_temple_entry_slanted, minmay_quadrilaterals,
          uniq_sigmund
D:5:      cheibrodos_iron_armory, layout_basic, serial_shops,
          nicolae_square_shop, portal_sewer_entry_a, grunt_ministairs_2
D:6:      layout_loops_ring, hangedman_decor_diamond_cutter
D:7:      layout_rooms, serial_shops, nicolae_shop_window_shopping,
          dreamdust_princess_corridor, hangedman_abyss_or_decor_lesser_grid,
          hex_intersection, uniq_joseph, uniq_crazy_yiuf_cottage, uniq_pikel
D:8:      layout_loops_corners, jmf_multi_god_temple2, serial_shops,
          nicolae_stop_n_shop_2, hellmonk_bongcloud_opening,
          serial_park_tiny_pond, hex_medium
D:9:      layout_irregular_city, dpeg_lair_monsters, orc_0_dummy,
          serial_co_window_serial, co_window_of_opportunity_a,
          co_window_corner_a, co_window_of_opportunity_a, co_window_corner_a,
          co_window_corner_a, co_window_paths_b, co_window_paths_a,
          co_window_of_opportunity_a, co_window_paths_b, co_window_corner_b,
          co_window_broadway_b, co_window_broadway_c, co_window_paths_d,
          glass_columns_a, glass_columns_a, glass_columns_a, glass_columns_b
D:10:     layout_rooms, nrook_campfire, uniq_snorg, uniq_psyche
Temple:   mainiacjoe_temple_cubbyholes
Lair:1:   layout_regular_city, infiniplex_staircase_pool, lemuel_fruit_fields,
          grunt_megastairs_3, lemuel_fruit_tree, uniq_amaemon
Lair:2:   wad_woods_stonehenge, layout_gridlike, ebering_ghost_disaster_area,
          roderic_batcave, beast_lair_carwin_7, serial_bayou_shore_a,
          uniq_harold

Skill      XL: |  1  2  3  4  5  6  7  8  9 10 11 |
---------------+----------------------------------+-----
Conjurations   | 1 2 3 4 5 6 7 |  7.2
Dodging        | 2 3 4 5 6 7 |  7.4
Air Magic      | 3 4 5 6 7 9 10 | 10.7
Fighting       | 1 2 3 4 5 7 8 10 | 10.2
Spellcasting   | 3 4 5 6 7 8 |  8.9
Stealth        | |  1.4

Action                   |  1- 3 |  4- 6 |  7- 9 | 10-12 || total
-------------------------+-------+-------+-------+-------++-------
Melee: Unarmed           |    25 |       |       |       ||    25
       Whip              |    42 |   100 |    24 |    84 ||   250
       Punch             |       |       |       |     1 ||     1
 Cast: Shock             |    53 |    84 |   140 |    57 ||   334
       Static Discharge  |       |    17 |    40 |    77 ||   134
       Airstrike         |       |       |    43 |   157 ||   200
       Swiftness         |       |       |     2 |     1 ||     3
Evoke: Wand              |       |       |       |     1 ||     1
  Use: Potion            |     2 |       |       |     5 ||     7
       Scroll            |     3 |    10 |    10 |     6 ||    29
 Stab: Sleeping          |     1 |       |       |       ||     1
Armor: Robe              |    29 |    44 |    32 |    60 ||   165
       Skin              |     9 |       |       |    36 ||    45
Dodge: Dodged            |    36 |    80 |    68 |   148 ||   332

Table legend: (Time is in decaauts)
 A = Elapsed time spent in this place.
 B = Non-inter-level travel time spent in this place.
 C = Inter-level travel time spent in this place.
 D = Time resting spent in this place.
 E = Time spent auto-exploring this place.
 F = Levels seen in this place.
 G = Mean time per level.
                   A        B        C        D        E       F      G
               +--------+--------+--------+--------+--------+-----+--------+
         Total |  24763 |  23761 |   1002 |   6494 |  14747 |  14 | 1768.8 |
       Dungeon |  19875 |  18989 |    886 |   5229 |  11828 |  10 | 1987.5 |
        Temple |    517 |    451 |     66 |      0 |    450 |   1 |  517.0 |
          Lair |   3020 |   2971 |     49 |   1245 |   1320 |   2 | 1510.0 |
         Sewer |   1349 |   1349 |      0 |     20 |   1149 |   1 | 1349.0 |
               +--------+--------+--------+--------+--------+-----+--------+

Top non-repeatable levels by time:
     D:9: 4456 daAuts
  Lair:1: 3008 daAuts
     D:8: 2912 daAuts
     D:6: 2873 daAuts
     D:7: 1846 daAuts
     D:4: 1685 daAuts
     D:5: 1433 daAuts
   Sewer: 1349 daAuts
    D:10: 1260 daAuts
     D:1: 1238 daAuts
     D:2: 1122 daAuts
     D:3: 1044 daAuts
  Temple: 517 daAuts
  Lair:2: 11 daAuts
